Canadiens vs Predators

Created - March 23, 2017 at 17:47

Goals
1 2 3 T
Canadiens 0 2 1 3
Predators 1 0 0 1
Shots
1 2 3 T
Canadiens 16 11 13 40
Predators 9 12 9 30

1st period

1. Predators , Kevin Hayes 17 (Max Pacioretty, Nicklas Backstrom) at 9:11

Penalties :
Adam Larsson (MTL) for Slashing (Minor) at 3:11, Vincent Trocheck (NSH) for Hooking (Minor) at 15:03, Adam Larsson (MTL) for Hooking (Minor) at 18:18

2nd period

2. Canadiens , Mike Ribeiro 7 (Jakob Silfverberg, Brayden McNabb) at 3:05
3. Canadiens , Zack Smith 20 (Adam Larsson) at 16:13 (PP)

Penalties :
Jakob Silfverberg (MTL) for Roughing (Minor) at 0:54, Adam Larsson (MTL) for Hooking (Minor) at 4:56, Nail Yakupov (MTL) for Boarding (Minor) at 6:58, J.T. Miller (NSH) for Interference (Minor) at 15:12

3rd period

4. Canadiens , Matt Calvert 10 (Jakob Silfverberg, Zack Smith) at 19:55 (Empty Net)

Penalties :
No Penalty

Goalie Stats

Jonathan Bernier (MTL), 29 saves from 30 shots - (0.967), W, 10-16-0, 60:00 minutes
Pekka Rinne (NSH), 37 saves from 39 shots - (0.949), L, 24-18-3, 59:18 minutes

Players Stats for Canadiens

Player Name              G  A  P  +/- PIM S  H  SB GA TA FO     MP     PP MP  PK MP  
------------------------------------------------------------------------------------
Adam Larsson             0  1  1   1  6   1  2  1  0  0  0/0    23:52   1:37   2:35 
Brayden McNabb           0  1  1   1  0   1  3  1  0  0  0/0    22:31   1:23   5:18 
Cam Fowler               0  0  0   1  0   2  0  3  0  0  0/0    25:30   1:37   4:13 
Gustav Nyquist           0  0  0   0  0   5  0  1  0  0  0/0    16:43   1:15   0:00 
Jakob Silfverberg        0  2  2   1  2   3  4  1  0  0  0/1    20:52   1:15   3:22 
John Tavares             0  0  0   0  0   5  0  1  0  0  14/24  16:16   1:45   0:00 
Jordan Eberle            0  0  0   0  0   4  0  0  0  0  0/0    16:16   1:45   0:00 
Josh Bailey              0  0  0   0  0   1  1  0  0  0  3/4     7:37   0:00   0:00 
Joshua Morrissey         0  0  0   1  0   1  0  2  0  0  0/0    16:03   0:00   0:10 
Justin Abdelkader        0  0  0   0  0   5  1  0  0  0  0/0    11:47   1:45   1:21 
Ladislav Smid            0  0  0  -1  0   0  0  0  0  0  0/0    13:14   0:00   1:42 
Matt Calvert             1  0  1   1  0   2  0  0  0  0  0/1    14:41   0:00   5:12 
Matt Moulson             0  0  0   0  0   1  0  0  0  0  0/0     7:37   0:00   0:00 
Mike Ribeiro             1  0  1   0  0   3  1  0  0  0  15/29  15:56   0:00   0:28 
Nail Yakupov             0  0  0   0  2   1  1  0  0  0  0/0     7:36   0:00   0:00 
Nate Schmidt             0  0  0  -1  0   1  0  2  0  0  0/0    18:47   1:23   5:52 
Teuvo Teravainen         0  0  0   0  0   1  0  0  0  0  6/15   13:00   0:00   4:19 
Zack Smith               1  1  2   1  0   3  4  0  0  0  8/20   21:42   1:15   5:08 

Players Stats for Predators

Player Name              G  A  P  +/- PIM S  H  SB GA TA FO     MP     PP MP  PK MP  
------------------------------------------------------------------------------------
Beau Bennett             0  0  0  -1  0   0  3  0  0  0  0/0     7:39   0:21   0:31 
Connor Murphy            0  0  0   0  0   2  2  0  0  0  0/0    20:22   0:00   1:29 
J.T. Miller              0  0  0   0  2   2  1  0  0  0  5/17   12:15   0:21   0:11 
Jaden Schwartz           0  0  0   0  0   2  0  0  0  0  1/2    20:29   5:35   2:23 
John Moore               0  0  0   0  0   0  1  0  0  0  0/0    16:27   4:07   0:00 
Kevin Hayes              1  0  1   1  0   4  0  0  0  0  0/1    15:36   0:21   0:00 
Klas Dahlbeck            0  0  0   0  0   0  3  2  0  0  0/0    14:01   0:21   1:20 
Max Pacioretty           0  1  1   1  0   5  2  0  0  0  1/1    19:14   3:59   0:00 
Nicklas Backstrom        0  1  1   0  0   2  0  0  0  0  26/33  21:38   5:35   0:00 
Oscar Klefbom            0  0  0   0  0   0  0  1  0  0  0/0    20:31   5:27   0:00 
Patrik Elias             0  0  0  -1  0   0  0  0  0  0  4/9     6:47   0:00   0:00 
Phillip Di Giuseppe      0  0  0  -1  0   0  1  0  0  0  0/0     6:47   0:00   0:00 
Roman Josi               0  0  0  -1  0   1  0  0  0  0  0/0    25:28   4:28   1:19 
Steven Stamkos           0  0  0  -1  0   1  3  0  0  0  0/1    18:10   3:59   0:52 
T.J. Oshie               0  0  0  -1  0   2  1  0  0  0  3/6    20:04   5:35   1:57 
Vincent Trocheck         0  0  0   0  2   6  2  0  0  0  8/23   16:35   3:59   0:06 
Vladislav Namestnikov    0  0  0   0  0   0  0  0  0  0  0/1    11:44   0:00   0:00 
Zach Bogosian            0  0  0  -1  0   3  4  0  0  0  0/0    23:11   5:27   1:52 

3 Stars

1 - Zack Smith (MTL)
2 - Jonathan Bernier (MTL)
3 - Pekka Rinne (NSH)

Power Play

Canadiens - 1 on 2 Attempt(s) - 50.00%
Predators - 0 on 5 Attempt(s) - 0.00%

Penalty Kill

Canadiens - 5 on 5 Attempt(s) - 100.00% - Score 0 goal in Penalty Kill
Predators - 1 on 2 Attempt(s) - 50.00% - Score 0 goal in Penalty Kill

Team Stat

Canadiens - Hits : 17 - Faceoff Wins : 46 - Blocked Shots : 12 - Penalty Minutes : 10
Predators - Hits : 23 - Faceoff Wins : 48 - Blocked Shots : 3 - Penalty Minutes : 4

Official

Referees : Wes McCauley and Gord Dwyer
Linesman : Darren Gibbs and Jay Sharrers

Game Notes

Matt Calvert has scored in a empty net!

Finance

Level 1 -- Attendance: 6413 (98.66%) -- Ticket Income $641,300
Level 2 -- Attendance: 4563 (91.26%) -- Ticket Income $351,351
Level 3 -- Attendance: 2932 (83.77%) -- Ticket Income $170,056
Level 4 -- Attendance: 1113 (100.00%) -- Ticket Income $46,746
Luxury Box -- Attendance: 944 (94.40%) -- Ticket Income $174,640
Game was played at the Bridgestone Arena.
Total Attendance: 15965 (93.29%)
Total Ticket Income: $1,384,093
Other Income: $207,614
Total Income: $1,591,707

% Time on Ice - Canadiens

Lines # - Real PCT - Wanted PCT - Time Play
Normal Forward
1 - 31% - 35% - 14:31
2 - 33% - 35% - 15:28
3 - 19% - 20% - 8:41
4 - 16% - 10% - 7:37
Normal Defense
1 - 41% - 40% - 18:52
2 - 34% - 35% - 15:53
3 - 13% - 13% - 6:01
4 - 12% - 12% - 5:31
PP Forward
1 - 58% - 60% - 1:45
2 - 42% - 40% - 1:15
PP Defense
1 - 54% - 50% - 1:37
2 - 46% - 50% - 1:23
PK Forward
1 - 56% - 55% - 5:36
2 - 44% - 45% - 4:19
PK Defense
1 - 86% - 60% - 8:30
2 - 14% - 40% - 1:25
PK3 Forward
1 - 0% - 60%
2 - 0% - 40%
PK3 Defense
1 - 0% - 60%
2 - 0% - 40%
44 Forward
1 - 0% - 50%
2 - 0% - 50%
44 Defense
1 - 0% - 50%
2 - 0% - 50%
Last Minute Offensive  - 0:00
Last Minute Defensive  - 0:48
Total
Forward - 60:00
Defense - 60:00

% Time on Ice - Predators

Lines # - Real PCT - Wanted PCT - Time Play
Normal Forward
1 - 33% - 35% - 15:15
2 - 27% - 29% - 12:31
3 - 25% - 26% - 11:44
4 - 15% - 10% - 6:47
Normal Defense
1 - 38% - 40% - 17:23
2 - 33% - 35% - 15:04
3 - 27% - 15% - 12:20
4 - 3% - 10% - 1:30
PP Forward
1 - 60% - 60% - 5:56
2 - 40% - 40% - 3:59
PP Defense
1 - 55% - 60% - 5:27
2 - 45% - 40% - 4:28
PK Forward
1 - 71% - 60% - 2:08
2 - 29% - 40% - 0:52
PK Defense
1 - 56% - 60% - 1:41
2 - 44% - 40% - 1:19
PK3 Forward
1 - 0% - 60%
2 - 0% - 40%
PK3 Defense
1 - 0% - 60%
2 - 0% - 40%
44 Forward
1 - 0% - 60%
2 - 0% - 40%
44 Defense
1 - 0% - 60%
2 - 0% - 40%
Last Minute Offensive  - 0:48
Last Minute Defensive  - 0:00
Total
Forward - 60:00
Defense - 60:00

Play by Play

1st period


0:01 of 1st period - John Tavares wins face-off versus Kevin Hayes in neutral zone.
0:16 of 1st period - Jordan Eberle is hit by Max Pacioretty.
0:32 of 1st period - Shot by Nicklas Backstrom.
0:32 of 1st period - Shot Misses the Net.
0:34 of 1st period - Shot by Roman Josi.
0:34 of 1st period - Shot Blocked by Adam Larsson.
0:36 of 1st period - Shot by Connor Murphy.
0:36 of 1st period - Shot Blocked by Cam Fowler.
0:38 of 1st period - Shot by Roman Josi.
0:38 of 1st period - Stopped by Jonathan Bernier without a rebound.
0:39 of 1st period - Mike Ribeiro wins face-off versus Vincent Trocheck in Canadiens zone.
0:39 of 1st period - Jakob Silfverberg is hit by Steven Stamkos and loses puck.
0:44 of 1st period - Shot by Vincent Trocheck.
0:44 of 1st period - Shot Misses the Net.
0:46 of 1st period - Shot by Steven Stamkos.
0:46 of 1st period - Shot Blocked by Brayden McNabb.
0:48 of 1st period - Shot by Jaden Schwartz.
0:48 of 1st period - Shot Blocked by Jakob Silfverberg.
0:50 of 1st period - Shot by Vincent Trocheck.
0:50 of 1st period - Shot Blocked by Joshua Morrissey.
0:54 of 1st period - Shot by Vincent Trocheck.
0:54 of 1st period - Shot Misses the Net.
0:56 of 1st period - Shot by Jaden Schwartz.
0:56 of 1st period - Deflect By Vincent Trocheck.
0:56 of 1st period - Stopped by Jonathan Bernier without a rebound.
0:57 of 1st period - J.T. Miller wins face-off versus Teuvo Teravainen in Canadiens zone.
1:15 of 1st period - Shot by J.T. Miller.
1:15 of 1st period - Stopped by Jonathan Bernier without a rebound.
1:16 of 1st period - Patrik Elias wins face-off versus Mike Ribeiro in Canadiens zone.
1:44 of 1st period - Patrik Elias is hit by Jakob Silfverberg and loses puck.
1:51 of 1st period - Jakob Silfverberg is hit by Beau Bennett and loses puck.
2:11 of 1st period - Icing by Joshua Morrissey.
2:12 of 1st period - Mike Ribeiro wins face-off versus J.T. Miller in Canadiens zone.
2:17 of 1st period - Connor Murphy is hit by Brayden McNabb and loses puck.
3:09 of 1st period - Jaden Schwartz is hit by Adam Larsson and loses puck.
3:11 of 1st period - Minor Penalty to Adam Larsson for Slashing.
3:12 of 1st period - Zack Smith wins face-off versus Vincent Trocheck in Canadiens zone.
4:09 of 1st period - Icing by T.J. Oshie.
4:10 of 1st period - Zack Smith wins face-off versus Nicklas Backstrom in Predators zone.
4:24 of 1st period - Icing by Nicklas Backstrom.
4:25 of 1st period - Nicklas Backstrom wins face-off versus Zack Smith in Predators zone.
4:42 of 1st period - Shot by Roman Josi.
4:42 of 1st period - Shot Misses the Net.
5:45 of 1st period - Icing by Zach Bogosian.
5:46 of 1st period - John Tavares wins face-off versus Patrik Elias in Predators zone.
5:54 of 1st period - John Tavares is hit by Zach Bogosian and loses puck.
6:02 of 1st period - Off-side.
6:03 of 1st period - Nicklas Backstrom wins face-off versus Teuvo Teravainen in neutral zone.
6:12 of 1st period - Shot by Kevin Hayes.
6:12 of 1st period - Shot Misses the Net.
6:30 of 1st period - Shot by Justin Abdelkader.
6:30 of 1st period - Stopped by Pekka Rinne with a rebound.
6:38 of 1st period - Shot by Max Pacioretty.
6:38 of 1st period - Shot Misses the Net.
6:57 of 1st period - Shot by Jaden Schwartz.
6:57 of 1st period - Stopped by Jonathan Bernier without a rebound.
6:58 of 1st period - John Tavares wins face-off versus Vincent Trocheck in Canadiens zone.
7:36 of 1st period - Shot by Jordan Eberle.
7:36 of 1st period - Deflect By Zack Smith.
7:36 of 1st period - Stopped by Pekka Rinne without a rebound.
7:37 of 1st period - Mike Ribeiro wins face-off versus J.T. Miller in Predators zone.
7:54 of 1st period - Shot by Mike Ribeiro.
7:54 of 1st period - Stopped by Pekka Rinne without a rebound.
7:55 of 1st period - Nicklas Backstrom wins face-off versus Teuvo Teravainen in Predators zone.
8:23 of 1st period - Shot by Matt Calvert.
8:23 of 1st period - Shot Misses the Net.
8:25 of 1st period - Shot by Teuvo Teravainen.
8:25 of 1st period - Shot Misses the Net.
8:27 of 1st period - Shot by Brayden McNabb.
8:27 of 1st period - Stopped by Pekka Rinne without a rebound.
8:28 of 1st period - John Tavares wins face-off versus Vincent Trocheck in Predators zone.
8:48 of 1st period - Zack Smith is hit by Klas Dahlbeck and loses puck.
8:59 of 1st period - Shot by John Tavares.
8:59 of 1st period - Deflect By Jordan Eberle.
8:59 of 1st period - Stopped by Pekka Rinne without a rebound.
9:00 of 1st period - Nicklas Backstrom wins face-off versus Mike Ribeiro in Predators zone.
9:11 of 1st period - Shot by Max Pacioretty.
9:11 of 1st period - Deflect By Kevin Hayes.
9:11 of 1st period - Goal by Kevin Hayes - Canadiens : 0 - Predators : 1.
9:12 of 1st period - J.T. Miller wins face-off versus Teuvo Teravainen in neutral zone.
9:24 of 1st period - Icing by Joshua Morrissey.
9:25 of 1st period - Nicklas Backstrom wins face-off versus Teuvo Teravainen in Canadiens zone.
9:26 of 1st period - Shot by Connor Murphy.
9:26 of 1st period - Shot Misses the Net.
9:36 of 1st period - Shot by Justin Abdelkader.
9:36 of 1st period - Stopped by Pekka Rinne without a rebound.
9:37 of 1st period - Mike Ribeiro wins face-off versus Steven Stamkos in Predators zone.
9:39 of 1st period - Jakob Silfverberg is hit by Zach Bogosian and loses puck.
9:49 of 1st period - Jakob Silfverberg is hit by Zach Bogosian and loses puck.
10:16 of 1st period - Shot by Jakob Silfverberg.
10:16 of 1st period - Shot Misses the Net.
10:20 of 1st period - Shot by Gustav Nyquist.
10:20 of 1st period - Stopped by Pekka Rinne with a rebound.
10:44 of 1st period - Shot by Jordan Eberle.
10:44 of 1st period - Stopped by Pekka Rinne without a rebound.
10:45 of 1st period - Teuvo Teravainen wins face-off versus J.T. Miller in Predators zone.
10:46 of 1st period - Shot by Justin Abdelkader.
10:46 of 1st period - Stopped by Pekka Rinne without a rebound.
10:47 of 1st period - Nicklas Backstrom wins face-off versus John Tavares in Predators zone.
10:47 of 1st period - Nicklas Backstrom is hit by Zack Smith.
11:09 of 1st period - Shot by Max Pacioretty.
11:09 of 1st period - Shot Blocked by John Tavares.
11:22 of 1st period - Nicklas Backstrom is hit by Brayden McNabb and loses puck.
11:55 of 1st period - Shot by Jakob Silfverberg.
11:55 of 1st period - Shot Misses the Net.
11:57 of 1st period - Shot by Jakob Silfverberg.
11:57 of 1st period - Shot Misses the Net.
11:59 of 1st period - Shot by Adam Larsson.
11:59 of 1st period - Deflect By Jakob Silfverberg.
11:59 of 1st period - Stopped by Pekka Rinne without a rebound.
12:00 of 1st period - Teuvo Teravainen wins face-off versus Vincent Trocheck in Predators zone.
12:36 of 1st period - Icing by Justin Abdelkader.
12:37 of 1st period - J.T. Miller wins face-off versus Matt Calvert in Canadiens zone.
13:21 of 1st period - J.T. Miller is hit by Mike Ribeiro and loses puck.
13:28 of 1st period - Shot by Gustav Nyquist.
13:28 of 1st period - Shot Misses the Net.
15:03 of 1st period - Minor Penalty to Vincent Trocheck for Hooking.
15:04 of 1st period - Zack Smith wins face-off versus T.J. Oshie in Predators zone.
15:07 of 1st period - Shot by Cam Fowler.
15:07 of 1st period - Stopped by Pekka Rinne without a rebound.
15:08 of 1st period - T.J. Oshie wins face-off versus Jakob Silfverberg in Predators zone.
15:08 of 1st period - T.J. Oshie is hit by Jakob Silfverberg.
15:47 of 1st period - Icing by Jakob Silfverberg.
15:48 of 1st period - T.J. Oshie wins face-off versus Zack Smith in Canadiens zone.
16:17 of 1st period - Zach Bogosian is hit by Justin Abdelkader and loses puck.
16:30 of 1st period - Shot by Nate Schmidt.
16:30 of 1st period - Stopped by Pekka Rinne without a rebound.
16:31 of 1st period - T.J. Oshie wins face-off versus John Tavares in Predators zone.
16:36 of 1st period - Adam Larsson is hit by T.J. Oshie and loses puck.
16:55 of 1st period - Shot by John Tavares.
16:55 of 1st period - Shot Hit the Post.
16:57 of 1st period - Shot by Cam Fowler.
16:57 of 1st period - Stopped by Pekka Rinne without a rebound.
16:58 of 1st period - Zack Smith wins face-off versus T.J. Oshie in Predators zone.
17:13 of 1st period - Shot by Nail Yakupov.
17:13 of 1st period - Shot Misses the Net.
17:15 of 1st period - Shot by Matt Moulson.
17:15 of 1st period - Shot Hit the Post.
17:17 of 1st period - Shot by Josh Bailey.
17:17 of 1st period - Stopped by Pekka Rinne with a rebound.
17:19 of 1st period - Shot by Joshua Morrissey.
17:19 of 1st period - Stopped by Pekka Rinne with a rebound.
17:35 of 1st period - Shot by Nail Yakupov.
17:35 of 1st period - Stopped by Pekka Rinne without a rebound.
17:36 of 1st period - Mike Ribeiro wins face-off versus Patrik Elias in Predators zone.
17:46 of 1st period - Icing by Beau Bennett.
17:47 of 1st period - Patrik Elias wins face-off versus John Tavares in Predators zone.
18:18 of 1st period - Minor Penalty to Adam Larsson for Hooking.
18:19 of 1st period - Nicklas Backstrom wins face-off versus Zack Smith in Canadiens zone.
18:22 of 1st period - Shot by Zach Bogosian.
18:22 of 1st period - Stopped by Jonathan Bernier without a rebound.
18:23 of 1st period - Nicklas Backstrom wins face-off versus Zack Smith in Canadiens zone.
18:34 of 1st period - Shot by Nicklas Backstrom.
18:34 of 1st period - Stopped by Jonathan Bernier without a rebound.
18:35 of 1st period - Zack Smith wins face-off versus Vincent Trocheck in Canadiens zone.
18:40 of 1st period - Shot by Steven Stamkos.
18:40 of 1st period - Shot Misses the Net.
18:42 of 1st period - Shot by Max Pacioretty.
18:42 of 1st period - Stopped by Jonathan Bernier without a rebound.
18:43 of 1st period - Nicklas Backstrom wins face-off versus Zack Smith in Canadiens zone.
19:58 of 1st period - Shot by Vincent Trocheck.
19:58 of 1st period - Stopped by Jonathan Bernier without a rebound.
19:59 of 1st period - Teuvo Teravainen wins face-off versus Vincent Trocheck in Canadiens zone.
Goals for this period are 0 for Canadiens vs 1 for Predators.
Shots for this period are 16 for Canadiens vs 9 for Predators.

2nd period


0:01 of 2nd period - Nicklas Backstrom wins face-off versus Zack Smith in neutral zone.
0:50 of 2nd period - Shot by Nail Yakupov.
0:50 of 2nd period - Shot Misses the Net.
0:52 of 2nd period - Shot by Adam Larsson.
0:52 of 2nd period - Stopped by Pekka Rinne without a rebound.
0:53 of 2nd period - Vincent Trocheck wins face-off versus Mike Ribeiro in Predators zone.
0:53 of 2nd period - Vincent Trocheck is hit by Jakob Silfverberg.
0:54 of 2nd period - Minor Penalty to Jakob Silfverberg for Roughing.
0:55 of 2nd period - Zack Smith wins face-off versus Nicklas Backstrom in Canadiens zone.
1:08 of 2nd period - Shot by T.J. Oshie.
1:08 of 2nd period - Stopped by Jonathan Bernier without a rebound.
1:09 of 2nd period - Zack Smith wins face-off versus Vincent Trocheck in Canadiens zone.
1:20 of 2nd period - Cam Fowler is hit by Vincent Trocheck and loses puck.
1:41 of 2nd period - Shot by Justin Abdelkader.
1:41 of 2nd period - Stopped by Pekka Rinne without a rebound.
1:42 of 2nd period - Nicklas Backstrom wins face-off versus Zack Smith in Predators zone.
2:07 of 2nd period - Shot by Nicklas Backstrom.
2:07 of 2nd period - Deflect By Jaden Schwartz.
2:07 of 2nd period - Shot Misses the Net.
2:09 of 2nd period - Shot by Oscar Klefbom.
2:09 of 2nd period - Shot Misses the Net.
2:11 of 2nd period - Shot by Zach Bogosian.
2:11 of 2nd period - Shot Misses the Net.
3:05 of 2nd period - Shot by Mike Ribeiro.
3:05 of 2nd period - Goal by Mike Ribeiro - Canadiens : 1 - Predators : 1.
3:06 of 2nd period - Patrik Elias wins face-off versus John Tavares in neutral zone.
3:39 of 2nd period - Shot by Jordan Eberle.
3:39 of 2nd period - Stopped by Pekka Rinne without a rebound.
3:40 of 2nd period - Vincent Trocheck wins face-off versus Mike Ribeiro in Predators zone.
3:59 of 2nd period - Shot by Jakob Silfverberg.
3:59 of 2nd period - Deflect By Gustav Nyquist.
3:59 of 2nd period - Stopped by Pekka Rinne without a rebound.
4:00 of 2nd period - Max Pacioretty wins face-off versus Teuvo Teravainen in Predators zone.
4:17 of 2nd period - Shot by Max Pacioretty.
4:17 of 2nd period - Stopped by Jonathan Bernier with a rebound.
4:19 of 2nd period - Shot by Connor Murphy.
4:19 of 2nd period - Stopped by Jonathan Bernier with a rebound.
4:21 of 2nd period - Shot by Max Pacioretty.
4:21 of 2nd period - Shot Misses the Net.
4:23 of 2nd period - Shot by Nicklas Backstrom.
4:23 of 2nd period - Shot Misses the Net.
4:25 of 2nd period - Shot by Connor Murphy.
4:25 of 2nd period - Stopped by Jonathan Bernier without a rebound.
4:26 of 2nd period - Mike Ribeiro wins face-off versus Jaden Schwartz in Canadiens zone.
4:26 of 2nd period - Mike Ribeiro is hit by Steven Stamkos.
4:42 of 2nd period - Icing by Zach Bogosian.
4:43 of 2nd period - Vincent Trocheck wins face-off versus John Tavares in Predators zone.
4:43 of 2nd period - Vincent Trocheck is hit by Zack Smith.
4:54 of 2nd period - Off-side.
4:55 of 2nd period - Nicklas Backstrom wins face-off versus Mike Ribeiro in neutral zone.
4:55 of 2nd period - Connor Murphy is hit by Jakob Silfverberg.
4:56 of 2nd period - Minor Penalty to Adam Larsson for Hooking.
4:57 of 2nd period - Nicklas Backstrom wins face-off versus Zack Smith in Canadiens zone.
5:23 of 2nd period - Shot by T.J. Oshie.
5:23 of 2nd period - Shot Blocked by Nate Schmidt.
5:25 of 2nd period - Shot by Zach Bogosian.
5:25 of 2nd period - Stopped by Jonathan Bernier with a rebound.
6:00 of 2nd period - Shot by Vincent Trocheck.
6:00 of 2nd period - Shot Misses the Net.
6:58 of 2nd period - Minor Penalty to Nail Yakupov for Boarding.
6:59 of 2nd period - Zack Smith wins face-off versus Vincent Trocheck in Canadiens zone.
7:08 of 2nd period - Shot by Oscar Klefbom.
7:08 of 2nd period - Shot Misses the Net.
7:14 of 2nd period - Shot by Matt Calvert.
7:14 of 2nd period - Shot Misses the Net.
7:16 of 2nd period - Shot by Matt Calvert.
7:16 of 2nd period - Shot Blocked by Oscar Klefbom.
8:32 of 2nd period - Icing by J.T. Miller.
8:33 of 2nd period - Teuvo Teravainen wins face-off versus J.T. Miller in Predators zone.
8:46 of 2nd period - Shot by Kevin Hayes.
8:46 of 2nd period - Deflect By J.T. Miller.
8:46 of 2nd period - Stopped by Jonathan Bernier without a rebound.
8:47 of 2nd period - Nicklas Backstrom wins face-off versus Zack Smith in Canadiens zone.
9:10 of 2nd period - Shot by Nail Yakupov.
9:10 of 2nd period - Shot Misses the Net.
10:34 of 2nd period - Shot by Kevin Hayes.
10:34 of 2nd period - Stopped by Jonathan Bernier without a rebound.
10:35 of 2nd period - Mike Ribeiro wins face-off versus J.T. Miller in Canadiens zone.
10:42 of 2nd period - Shot by T.J. Oshie.
10:42 of 2nd period - Stopped by Jonathan Bernier without a rebound.
10:43 of 2nd period - Mike Ribeiro wins face-off versus J.T. Miller in Canadiens zone.
10:57 of 2nd period - Shot by Jakob Silfverberg.
10:57 of 2nd period - Stopped by Pekka Rinne without a rebound.
10:58 of 2nd period - John Tavares wins face-off versus Vincent Trocheck in Predators zone.
10:59 of 2nd period - Shot by Zack Smith.
10:59 of 2nd period - Shot Misses the Net.
11:01 of 2nd period - Shot by John Tavares.
11:01 of 2nd period - Stopped by Pekka Rinne without a rebound.
11:02 of 2nd period - Nicklas Backstrom wins face-off versus Mike Ribeiro in Predators zone.
12:06 of 2nd period - Shot by Steven Stamkos.
12:06 of 2nd period - Shot Misses the Net.
12:12 of 2nd period - Shot by Vincent Trocheck.
12:12 of 2nd period - Stopped by Jonathan Bernier with a rebound.
12:14 of 2nd period - Shot by Oscar Klefbom.
12:14 of 2nd period - Shot Misses the Net.
12:16 of 2nd period - Shot by Oscar Klefbom.
12:16 of 2nd period - Shot Misses the Net.
12:18 of 2nd period - Shot by Vincent Trocheck.
12:18 of 2nd period - Shot Misses the Net.
12:20 of 2nd period - Shot by Zach Bogosian.
12:20 of 2nd period - Stopped by Jonathan Bernier without a rebound.
12:21 of 2nd period - John Tavares wins face-off versus J.T. Miller in Canadiens zone.
13:48 of 2nd period - Shot by Justin Abdelkader.
13:48 of 2nd period - Deflect By Teuvo Teravainen.
13:48 of 2nd period - Stopped by Pekka Rinne without a rebound.
13:49 of 2nd period - Josh Bailey wins face-off versus Nicklas Backstrom in Predators zone.
13:49 of 2nd period - Josh Bailey is hit by Connor Murphy.
14:06 of 2nd period - Nail Yakupov is hit by Connor Murphy.
14:40 of 2nd period - Shot by Mike Ribeiro.
14:40 of 2nd period - Stopped by Pekka Rinne without a rebound.
14:41 of 2nd period - John Tavares wins face-off versus Vincent Trocheck in Predators zone.
14:54 of 2nd period - Shot by Vincent Trocheck.
14:54 of 2nd period - Deflect By Steven Stamkos.
14:54 of 2nd period - Stopped by Jonathan Bernier without a rebound.
14:55 of 2nd period - J.T. Miller wins face-off versus Mike Ribeiro in Canadiens zone.
15:12 of 2nd period - Minor Penalty to J.T. Miller for Interference.
15:13 of 2nd period - John Tavares wins face-off versus T.J. Oshie in Predators zone.
16:13 of 2nd period - Shot by Zack Smith.
16:13 of 2nd period - Goal by Zack Smith - Canadiens : 2 - Predators : 1.
16:14 of 2nd period - Nicklas Backstrom wins face-off versus Josh Bailey in neutral zone.
17:00 of 2nd period - Adam Larsson is hit by Max Pacioretty and loses puck.
17:13 of 2nd period - Connor Murphy is hit by Nail Yakupov and loses puck.
17:22 of 2nd period - Shot by Connor Murphy.
17:22 of 2nd period - Shot Misses the Net.
17:52 of 2nd period - Adam Larsson is hit by Phillip Di Giuseppe and loses puck.
18:07 of 2nd period - Shot by Vincent Trocheck.
18:07 of 2nd period - Stopped by Jonathan Bernier without a rebound.
18:08 of 2nd period - John Tavares wins face-off versus J.T. Miller in Canadiens zone.
18:20 of 2nd period - Jordan Eberle is hit by Klas Dahlbeck.
18:26 of 2nd period - Shot by Jordan Eberle.
18:26 of 2nd period - Shot Misses the Net.
18:43 of 2nd period - John Tavares is hit by John Moore and loses puck.
18:47 of 2nd period - John Tavares is hit by Klas Dahlbeck and loses puck.
19:00 of 2nd period - Shot by Gustav Nyquist.
19:00 of 2nd period - Stopped by Pekka Rinne with a rebound.
Goals for this period are 2 for Canadiens vs 0 for Predators.
Shots for this period are 11 for Canadiens vs 12 for Predators.

3rd period


0:01 of 3rd period - Vincent Trocheck wins face-off versus Zack Smith in neutral zone.
0:28 of 3rd period - Shot by Jordan Eberle.
0:28 of 3rd period - Stopped by Pekka Rinne without a rebound.
0:29 of 3rd period - Mike Ribeiro wins face-off versus Nicklas Backstrom in Predators zone.
0:35 of 3rd period - Icing by Oscar Klefbom.
0:36 of 3rd period - Nicklas Backstrom wins face-off versus Mike Ribeiro in Predators zone.
0:43 of 3rd period - Shot by Kevin Hayes.
0:43 of 3rd period - Shot Misses the Net.
0:45 of 3rd period - Shot by Kevin Hayes.
0:45 of 3rd period - Deflect By Max Pacioretty.
0:45 of 3rd period - Stopped by Jonathan Bernier without a rebound.
0:46 of 3rd period - John Tavares wins face-off versus Vincent Trocheck in Canadiens zone.
1:02 of 3rd period - Cam Fowler is hit by Steven Stamkos and loses puck.
1:09 of 3rd period - Shot by Jaden Schwartz.
1:09 of 3rd period - Stopped by Jonathan Bernier without a rebound.
1:10 of 3rd period - Nicklas Backstrom wins face-off versus Mike Ribeiro in Canadiens zone.
1:19 of 3rd period - Shot by Max Pacioretty.
1:19 of 3rd period - Shot Misses the Net.
1:21 of 3rd period - Shot by Oscar Klefbom.
1:21 of 3rd period - Shot Blocked by Joshua Morrissey.
1:23 of 3rd period - Shot by Kevin Hayes.
1:23 of 3rd period - Stopped by Jonathan Bernier without a rebound.
1:24 of 3rd period - Vincent Trocheck wins face-off versus John Tavares in Canadiens zone.
1:29 of 3rd period - Shot by Vincent Trocheck.
1:29 of 3rd period - Shot Blocked by Cam Fowler.
1:41 of 3rd period - Icing by Adam Larsson.
1:42 of 3rd period - Nicklas Backstrom wins face-off versus John Tavares in Canadiens zone.
1:50 of 3rd period - Icing by Cam Fowler.
1:51 of 3rd period - Nicklas Backstrom wins face-off versus John Tavares in Canadiens zone.
1:58 of 3rd period - Shot by Kevin Hayes.
1:58 of 3rd period - Stopped by Jonathan Bernier without a rebound.
1:59 of 3rd period - Nicklas Backstrom wins face-off versus Mike Ribeiro in Canadiens zone.
2:00 of 3rd period - Shot by Max Pacioretty.
2:00 of 3rd period - Shot Misses the Net.
2:02 of 3rd period - Shot by Nicklas Backstrom.
2:02 of 3rd period - Shot Hit the Post.
2:08 of 3rd period - Shot by Max Pacioretty.
2:08 of 3rd period - Shot Misses the Net.
2:38 of 3rd period - Shot by Max Pacioretty.
2:38 of 3rd period - Stopped by Jonathan Bernier without a rebound.
2:39 of 3rd period - Vincent Trocheck wins face-off versus John Tavares in Canadiens zone.
4:16 of 3rd period - Icing by Oscar Klefbom.
4:17 of 3rd period - Mike Ribeiro wins face-off versus J.T. Miller in Predators zone.
4:20 of 3rd period - Shot by Gustav Nyquist.
4:20 of 3rd period - Stopped by Pekka Rinne without a rebound.
4:21 of 3rd period - Mike Ribeiro wins face-off versus Nicklas Backstrom in Predators zone.
4:32 of 3rd period - Shot by Gustav Nyquist.
4:32 of 3rd period - Stopped by Pekka Rinne with a rebound.
4:50 of 3rd period - Shot by Kevin Hayes.
4:50 of 3rd period - Shot Misses the Net.
4:55 of 3rd period - Off-side.
4:56 of 3rd period - John Tavares wins face-off versus J.T. Miller in neutral zone.
5:01 of 3rd period - Shot by John Tavares.
5:01 of 3rd period - Stopped by Pekka Rinne with a rebound.
5:15 of 3rd period - Shot by John Tavares.
5:15 of 3rd period - Deflect By Zack Smith.
5:15 of 3rd period - Stopped by Pekka Rinne without a rebound.
5:16 of 3rd period - Teuvo Teravainen wins face-off versus Vincent Trocheck in Predators zone.
5:17 of 3rd period - Shot by Justin Abdelkader.
5:17 of 3rd period - Deflect By Matt Calvert.
5:17 of 3rd period - Shot Misses the Net.
5:19 of 3rd period - Shot by Matt Calvert.
5:19 of 3rd period - Stopped by Pekka Rinne without a rebound.
5:20 of 3rd period - Nicklas Backstrom wins face-off versus Mike Ribeiro in Predators zone.
6:35 of 3rd period - Shot by John Tavares.
6:35 of 3rd period - Stopped by Pekka Rinne without a rebound.
6:36 of 3rd period - Teuvo Teravainen wins face-off versus J.T. Miller in Predators zone.
8:02 of 3rd period - Icing by Cam Fowler.
8:03 of 3rd period - Mike Ribeiro wins face-off versus Vincent Trocheck in Canadiens zone.
8:38 of 3rd period - Shot by Steven Stamkos.
8:38 of 3rd period - Shot Misses the Net.
8:43 of 3rd period - Vincent Trocheck is hit by Adam Larsson and loses puck.
9:18 of 3rd period - Oscar Klefbom is hit by Zack Smith and loses puck.
9:26 of 3rd period - Icing by Brayden McNabb.
9:27 of 3rd period - John Tavares wins face-off versus Patrik Elias in Canadiens zone.
9:34 of 3rd period - Shot by Zack Smith.
9:34 of 3rd period - Shot Misses the Net.
9:45 of 3rd period - Icing by Brayden McNabb.
9:46 of 3rd period - John Tavares wins face-off versus Nicklas Backstrom in Canadiens zone.
9:54 of 3rd period - Klas Dahlbeck is hit by Zack Smith and loses puck.
10:11 of 3rd period - Shot by Max Pacioretty.
10:11 of 3rd period - Stopped by Jonathan Bernier without a rebound.
10:12 of 3rd period - Vincent Trocheck wins face-off versus Teuvo Teravainen in Canadiens zone.
10:13 of 3rd period - Shot by Jaden Schwartz.
10:13 of 3rd period - Shot Misses the Net.
10:27 of 3rd period - Shot by Matt Calvert.
10:27 of 3rd period - Deflect By Justin Abdelkader.
10:27 of 3rd period - Stopped by Pekka Rinne without a rebound.
10:28 of 3rd period - Josh Bailey wins face-off versus Vladislav Namestnikov in Predators zone.
10:28 of 3rd period - Nail Yakupov is hit by Zach Bogosian and loses puck.
10:37 of 3rd period - Shot by Matt Moulson.
10:37 of 3rd period - Stopped by Pekka Rinne without a rebound.
10:38 of 3rd period - Nicklas Backstrom wins face-off versus Teuvo Teravainen in Predators zone.
10:57 of 3rd period - Shot by Max Pacioretty.
10:57 of 3rd period - Shot Blocked by Nate Schmidt.
12:53 of 3rd period - Shot by Jakob Silfverberg.
12:53 of 3rd period - Shot Misses the Net.
12:59 of 3rd period - Shot by J.T. Miller.
12:59 of 3rd period - Shot Blocked by Cam Fowler.
13:01 of 3rd period - Shot by T.J. Oshie.
13:01 of 3rd period - Shot Blocked by Gustav Nyquist.
13:23 of 3rd period - Cam Fowler is hit by Beau Bennett and loses puck.
13:34 of 3rd period - Shot by Patrik Elias.
13:34 of 3rd period - Shot Misses the Net.
13:49 of 3rd period - Icing by Adam Larsson.
13:50 of 3rd period - Mike Ribeiro wins face-off versus Nicklas Backstrom in Canadiens zone.
14:15 of 3rd period - Shot by Kevin Hayes.
14:15 of 3rd period - Shot Misses the Net.
14:17 of 3rd period - Shot by Nicklas Backstrom.
14:17 of 3rd period - Stopped by Jonathan Bernier without a rebound.
14:18 of 3rd period - John Tavares wins face-off versus Vincent Trocheck in Canadiens zone.
14:25 of 3rd period - Shot by Zack Smith.
14:25 of 3rd period - Shot Blocked by Klas Dahlbeck.
14:33 of 3rd period - Shot by Zack Smith.
14:33 of 3rd period - Shot Blocked by Klas Dahlbeck.
16:13 of 3rd period - Oscar Klefbom is hit by Josh Bailey and loses puck.
17:00 of 3rd period - Shot by Jakob Silfverberg.
17:00 of 3rd period - Stopped by Pekka Rinne without a rebound.
17:01 of 3rd period - Patrik Elias wins face-off versus Mike Ribeiro in Predators zone.
17:08 of 3rd period - Icing by Ladislav Smid.
17:09 of 3rd period - Mike Ribeiro wins face-off versus Patrik Elias in Canadiens zone.
17:19 of 3rd period - Icing by Nate Schmidt.
17:20 of 3rd period - Jaden Schwartz wins face-off versus Mike Ribeiro in Canadiens zone.
17:21 of 3rd period - Shot by Vincent Trocheck.
17:21 of 3rd period - Stopped by Jonathan Bernier without a rebound.
17:22 of 3rd period - Mike Ribeiro wins face-off versus J.T. Miller in Canadiens zone.
17:22 of 3rd period - Mike Ribeiro is hit by J.T. Miller.
17:27 of 3rd period - Icing by Jakob Silfverberg.
17:28 of 3rd period - J.T. Miller wins face-off versus Mike Ribeiro in Canadiens zone.
17:32 of 3rd period - T.J. Oshie is hit by Brayden McNabb and loses puck.
17:47 of 3rd period - Shot by Jakob Silfverberg.
17:47 of 3rd period - Shot Misses the Net.
18:04 of 3rd period - Shot by Gustav Nyquist.
18:04 of 3rd period - Shot Misses the Net.
18:36 of 3rd period - Shot by Zack Smith.
18:36 of 3rd period - Deflect By John Tavares.
18:36 of 3rd period - Stopped by Pekka Rinne without a rebound.
18:37 of 3rd period - Vincent Trocheck wins face-off versus Teuvo Teravainen in Predators zone.
18:42 of 3rd period - Justin Abdelkader is hit by Vincent Trocheck and loses puck.
18:47 of 3rd period - Shot by Steven Stamkos.
18:47 of 3rd period - Shot Misses the Net.
18:53 of 3rd period - Shot by Vincent Trocheck.
18:53 of 3rd period - Shot Misses the Net.
18:55 of 3rd period - Shot by Vincent Trocheck.
18:55 of 3rd period - Stopped by Jonathan Bernier without a rebound.
18:56 of 3rd period - Nicklas Backstrom wins face-off versus John Tavares in Canadiens zone.
19:07 of 3rd period - Shot by John Tavares.
19:07 of 3rd period - Stopped by Pekka Rinne without a rebound.
19:08 of 3rd period - Nicklas Backstrom wins face-off versus Zack Smith in Predators zone.
19:13 of 3rd period - Predators, Pekka Rinne is pulled from the net.
19:18 of 3rd period - Icing by Jakob Silfverberg.
19:19 of 3rd period - Nicklas Backstrom wins face-off versus Zack Smith in Canadiens zone.
19:22 of 3rd period - Shot by Nicklas Backstrom.
19:22 of 3rd period - Shot Misses the Net.
19:55 of 3rd period - Shot by Matt Calvert.
19:55 of 3rd period - Goal by Matt Calvert - Canadiens : 3 - Predators : 1.
19:55 of 3rd period - Pekka Rinne from Predators was sent back in the game.
19:56 of 3rd period - Josh Bailey wins face-off versus Patrik Elias in neutral zone.
19:56 of 3rd period - Josh Bailey is hit by Beau Bennett.
Goals for this period are 1 for Canadiens vs 0 for Predators.
Shots for this period are 13 for Canadiens vs 9 for Predators.